 Dungeon Crawl Stone Soup version 0.29-a0-284-gf9362112df (webtiles) character file.

Game seed: 17834399242102473323

11 Llamu the Skirmisher (level 2, -1/24 HPs)
             Began as a Demonspawn Abyssal Knight on Mar 26, 2022.
             Was a Believer of Lugonu.
             Slain by a ball python (2 damage)
             ... on level 1 of the Dungeon.
             The game lasted 00:03:05 (529 turns).

Llamu the Skirmisher (Demonspawn Abyssal Knight)     Turns: 529, Time: 00:03:07

Health: -1/24      AC:  3    Str: 13    XL:     2   Next: 17%
Magic:  3/3        EV:  8    Int: 11    God:    Lugonu [**....]
Gold:   45         SH:  0    Dex: 13    Spells: 1/1 levels left

rFire   . . .      SeeInvis .   a - +1 mace
rCold   . . .      Faith    .   (no shield)
rNeg    . . .      Spirit   .   b - +0 leather armour
rPois   .          Reflect  .   (no helmet)
rElec   .          Harm     .   (no cloak)
rCorr   .          Rampage  .   (no gloves)
Will    .....                   (no boots)
Stlth   +.........              (no amulet)
HPRegen 0.08/turn               (no ring)
MPRegen 0.08/turn               (no ring)

@: constricted
A: demonic magic 1
a: Renounce Religion, Depart the Abyss, Bend Space


You were on level 1 of the Dungeon.
You worshipped Lugonu.
Lugonu was pleased with you.
You visited 1 branch of the dungeon, and saw 1 of its levels.
You visited the Abyss 1 time.

You collected 45 gold pieces.

Inventory:

Hand Weapons
 a - a +1 mace (weapon)
 c - a +0 whip
Armour
 b - a +0 leather armour (worn)


   Skills:
 + Level 3.2 Fighting
 + Level 2.0 Maces & Flails
 + Level 2.0 Armour
 + Level 1.0 Dodging
 + Level 2.5 Invocations


You had one spell level left.
You didn't know any spells.
Your spell library was empty.

Dungeon Overview and Level Annotations

Branches:
Dungeon (1/15)

Altars:


Innate Abilities, Weirdness & Mutations

Spells you cast may paralyse adjacent enemies.


Message History

The ball python bites you. The ball python constricts you.
You escape the ball python's grasp.
You hit the kobold.
The kobold is severely wounded.
The ball python bites you but does no damage.
The ball python closely misses you. The kobold hits you but does no damage.
You barely miss the kobold.
The kobold is severely wounded.
The ball python bites you. The ball python closely misses you.
The kobold hits you with a +0 short sword.
The ball python bites you. The ball python grabs you.
The ball python constricts you.
You sock the kobold!
You kill the kobold!
Lugonu accepts your kill. The ball python bites you.
The ball python constricts you. The frilled lizard bites you.
* * * LOW HITPOINT WARNING * * *
You barely miss the frilled lizard.
The ball python bites you but does no damage.
The ball python constricts you.
* * * LOW HITPOINT WARNING * * *
The frilled lizard bites you.
* * * LOW HITPOINT WARNING * * *
The ball python bites you but does no damage.
The ball python constricts you.
* * * LOW HITPOINT WARNING * * *
You barely miss the frilled lizard. The ball python bites you.
* * * LOW HITPOINT WARNING * * *
The ball python constricts you.
The frilled lizard bites you but does no damage.
You miss the frilled lizard.
The ball python bites you but does no damage.
The ball python constricts you.
The frilled lizard bites you but does no damage.
The ball python closely misses you. The ball python constricts you.
* * * LOW HITPOINT WARNING * * *
The frilled lizard bites you but does no damage.
You miss the frilled lizard. The ball python bites you.
You die...

#≈.
#≈.≈###≈.≈###≈.##.. ≈≈
≈≈≈≈.≈≈≈≈≈.≈≈≈≈≈..#..
.................##..
≈≈≈.≈≈≈≈≈.≈≈≈≈≈.##..
#≈.≈###≈.≈###≈.#### ≈
#≈.≈# #≈.≈# ≈.#
≈.≈###≈.≈###≈.≈###≈.#
≈.≈≈≈≈≈.≈≈≈≈≈.≈≈≈≈≈..
......l@S.$.........##
≈.≈≈≈≈≈.≈≈≈≈≈.≈≈≈≈≈.#
≈.≈###≈.≈###≈.≈###≈.#
≈ #≈.≈# #≈.≈# ≈..
#≈.≈# #≈.≈# .# ≈≈≈.≈≈
≈≈.≈≈≈ ....... .......
≈≈≈≈.≈≈≈≈≈.≈≈≈≈


You could see a ball python and a frilled lizard.

Vanquished Creatures
  An endoplasm (D:1)
  A giant cockroach (D:1)
  A goblin (D:1)
  A hobgoblin (D:1)
  2 kobolds (D:1)
  A quokka (D:1)
  A ball python (D:1)
  A bat (D:1)
  2 rats (D:1)
11 creatures vanquished.

Notes
Turn   | Place    | Note
-------+----------+-------------------------------------------
     0 | Abyss:1  | Llamu the Demonspawn Abyssal Knight began the quest for the
                  | Orb.
     0 | Abyss:1  | Reached XP level 1. HP: 18/18 MP: 2/2
    35 | D:1      | Escaped the Abyss
   296 | D:1      | Gained mutation: Spells you cast may paralyse adjacent
                  | enemies. [demonic ancestry]
   296 | D:1      | Reached XP level 2. HP: 17/24 MP: 3/3
   471 | D:1      | Reached skill level 1 in Dodging
   528 | D:1      | HP: 1/24 [constriction (1)]
   529 | D:1      | Slain by a ball python

Illustrated notes

Levels and vault maps discovered:
D:1:      dpeg_arrival_boxorama, layout_loops_ring, serial_shops,
          nicolae_lakefront_shop, minivault_5, kennysheep_boxes

Skill      XL: |  1  2 |
---------------+-------+-----
Maces & Flails | 2 |  2.0
Armour         | 2 |  2.0
Dodging        | 1 |  1.0
Fighting       | |  3.2
Invocations    | |  2.5

Action                   || total
-------------------------++-------
Melee: Mace              ||    37
       Punch             ||     1
Armor: Leather armour    ||    18
Dodge: Dodged            ||    25

Table legend: (Time is in decaauts)
 A = Elapsed time spent in this place.
 B = Non-inter-level travel time spent in this place.
 C = Inter-level travel time spent in this place.
 D = Time resting spent in this place.
 E = Time spent auto-exploring this place.
 F = Levels seen in this place.
 G = Mean time per level.
                   A        B        C        D        E       F      G
               +--------+--------+--------+--------+--------+-----+--------+
         Total |    538 |    538 |      0 |      0 |      0 |   2 |  269.0 |
       Dungeon |    503 |    503 |      0 |      0 |      0 |   1 |  503.0 |
         Abyss |     35 |     35 |      0 |      0 |      0 |   1 |   35.0 |
               +--------+--------+--------+--------+--------+-----+--------+

Top non-repeatable levels by time:
     D:1: 503 daAuts
 Abyss:1: 35 daAuts
